 Dungeon Crawl Stone Soup version 0.31.0-11-ge490571c62 (webtiles) character file.

Game seed: 15841404945150619142

33 Aviak the Ruffian (level 3, 10/27 HPs)
             Began as a Demonspawn Shapeshifter on Jan 26, 2024.
             Quit the game on level 2 of the Dungeon.
             The game lasted 00:01:29 (780 turns).

Aviak the Ruffian (Demonspawn Shapeshifter)          Turns: 780, Time: 00:01:29

Health: 10/27      AC:  2    Str: 14    XL:     3   Next: 12%
Magic:  3/3        EV: 12    Int: 12    God:
Gold:   50         SH:  4    Dex: 12    Spells: 2/2 levels left

rFire   . .          .
                       - Unarmed
rCold   . . .        (no shield)
rNeg    . . .        a - +0 animal skin
rPois   .            (helmet currently unavailable)
rElec   .            (cloak currently unavailable)
rCorr   .            (gloves currently unavailable)
SInv    .            (boots currently unavailable)
Will    .....        (no amulet)
Stlth   +            g - ring of wizardry
HPRegen 0.24/turn    (no ring)
MPRegen 0.08/turn

%: wizardry (x1)
@: beast-form
A: beast (slay +1), foul stench 1, condensation shield
a: Begin Untransformation


You were on level 2 of the Dungeon.
You were a hulking beast.
You visited 1 branch of the dungeon, and saw 2 of its levels.

You collected 50 gold pieces.

Inventory:

Armour
 a - a +0 animal skin (worn)
 f - a +1 pair of boots
Jewellery
 g - a ring of wizardry (left hand)
Talismans
 c - a beast talisman
 d - a flux talisman
Scrolls
 j - a scroll of noise {unknown}
Potions
 b - 2 potions of lignification {!q}
 e - a potion of haste {unknown}
 h - a potion of curing {unknown}
 i - a potion of ambrosia {unknown}


   Skills:
 + Level 1.7 Fighting
 + Level 2.2 Dodging
 + Level 3.0 Unarmed Combat
 + Level 3.0 Shapeshifting


You had 2 spell levels left.
You didn't know any spells.
Your spell library was empty.

Dungeon Overview and Level Annotations

Branches:
Dungeon (2/15)

Altars:

Shops:
D:1 (


Innate Abilities, Weirdness & Mutations

You are a hulking beast.
Your limbs bulge with bestial killing power. (Slay +1)
You may rarely emit foul miasma when damaged in melee.
A meltable shield of frost defends you. (SH +4)


Message History

You hit the rat.
You kill the rat!
You hit the adder.
The adder is moderately wounded.
The adder completely misses you.
You closely miss the adder.
The adder is moderately wounded.
The adder bites you.
You are poisoned.
The adder poisons you! The adder bites you.
You hit the adder but do no damage.
The adder is moderately wounded.
You feel sick. The adder bites you.
You closely miss the adder.
The adder is moderately wounded.
You feel sick. The adder bites you but does no damage.
You feel sick.
There is an open door here.
You hit the adder.
The adder is almost dead.
You feel sick. You block the adder's attack. The adder bites you.
You hit the adder.
You kill the adder!
You feel sick.
Your Unarmed Combat skill increases to level 3!
Your Shapeshifting skill increases to level 3!
You have reached level 3!
Your experience leads to an increase in your attributes!
Increase (S)trength, (I)ntelligence, or (D)exterity?
You feel clever. x2; Your demonic ancestry asserts itself...
You begin to emit a foul stench of rot and decay.
You hit the rat but do no damage.
You feel sick. The rat bites you but does no damage.
You hit the rat but do no damage.
You feel sick.
You are no longer poisoned.
The rat bites you but does no damage.
You hit the rat.
You kill the rat!
You see here a rat corpse.
Are you sure you want to abandon this character and quit the game? (Confirm with "yes".)

....# ....# ....#
....# ##....#
#######.....#
#####...<##.†...###
#........##........
#.....†..'h..>.....
#........###....#..
#........# ....#
#........# ..#...
#........# ###....
#........# ...
#........# .?
#........#


There were no monsters in sight!

Vanquished Creatures
  An adder (D:2)
  4 endoplasms (D:1)
  2 goblins (D:1)
  A hobgoblin (D:1)
  A quokka (D:1)
  3 ball pythons
  2 frilled lizards (D:1)
  6 kobolds (D:1)
  5 rats
25 creatures vanquished.

Notes
Turn   | Place    | Note
-------+----------+-------------------------------------------
     0 | D:1      | Aviak the Demonspawn Shapeshifter began the quest for the
                  | Orb.
     0 | D:1      | Reached XP level 1. HP: 15/15 MP: 1/1
    81 | D:1      | Found Anlakes's Weapon Boutique.
   104 | D:1      | Gained mutation: A meltable shield of frost defends you.
                  | (SH +4) [demonic ancestry]
   104 | D:1      | Reached XP level 2. HP: 21/21 MP: 2/2
   162 | D:1      | Found a faded altar of an unknown god.
   776 | D:2      | Gained mutation: You may rarely emit foul miasma when
                  | damaged in melee. [demonic ancestry]
   776 | D:2      | Reached XP level 3. HP: 11/27 MP: 3/3
   780 | D:2      | Quit the game

Illustrated notes

Levels and vault maps discovered:
D:1:      dpeg_arrival_line_fractal, layout_rooms, serial_shops, shop,
          ebering_ecumenical_altar_box, lexackson_kobold_supper
D:2:      layout_basic

Skill      XL: |  1  2 |
---------------+-------+-----
Dodging        | 2 |  2.2
Unarmed Combat | 3 |  3.0
Shapeshifting  | 3 |  3.0
Fighting       | |  1.7

Action                     || total
---------------------------++-------
  Melee: Unarmed           ||    71
 Armour: Animal skin       ||    24
  Dodge: Dodged            ||    38
  Block: Other             ||     4
